 Dungeon Crawl Stone Soup version 0.31-a0-319-g4fced400ed (webtiles) character file.

Game seed: 17521932398223539920

1479 night the Ruffian (level 8, -6/55 HPs)
             Began as an Octopode Shapeshifter on July 18, 2023.
             Was a Believer of Dithmenos.
             Mangled by Duvessa
             ... wielding a +0 rapier
              (8 damage)
             ... on level 6 of the Dungeon.
             The game lasted 00:08:12 (4874 turns).

night the Ruffian (Octopode Shapeshifter)           Turns: 4874, Time: 00:08:13

Health: -6/55      AC:  1    Str: 17    XL:     8   Next: 79%
Magic:  8/8        EV: 14    Int: 10    God:    Dithmenos [**....]
Gold:   385        SH:  3    Dex: 12    Spells: 7/7 levels left

rFire   . .          .
                       - Unarmed
rCold   . . .        h - +0 buckler
rNeg    . . .        (helmet currently unavailable)
rPois   .            l - amulet of the acrobat
rElec   .            (no ring)
rCorr   .            (no ring)
SInv    .            (no ring)
Will    .....        (no ring)
Stlth   +++          (no ring)
HPRegen 0.29/turn    (no ring)
MPRegen 0.11/turn    (no ring)
                     (no ring)

%: acrobat
@: mighty, beast-form, wreathed by umbra
A: beast (slay +3), almost no armour, amphibious, 8 rings, camouflage 1,
gelatinous body 1, (nimble swimmer 1), tentacles
a: Begin Untransformation, Renounce Religion, Shadow Step


You were on level 6 of the Dungeon.
You worshipped Dithmenos.
Dithmenos was pleased with you.
You were a hulking beast.
You visited 1 branch of the dungeon, and saw 7 of its levels.

You collected 385 gold pieces.

Inventory:

Hand Weapons
 p - a +8 spear of venom
Missiles
 d - 94 stones
 m - a boomerang
 t - 8 poisoned darts
Armour
 h - a +0 buckler (worn)
Jewellery
 l - an amulet of the acrobat (around mantle)
Talismans
 b - a beast talisman
Wands
 n - a wand of roots (12)
 r - a wand of charming (12)
 v - a wand of flame (22)
Scrolls
 g - a scroll of revelation
 i - a scroll of enchant weapon {unknown}
 k - a scroll of teleportation
 s - a scroll of identify
 u - a scroll of blinking {unknown}
Potions
 a - 3 potions of lignification
 c - a potion of might
 e - 2 potions of cancellation {unknown}
 f - 3 potions of curing {unknown}
 j - a potion of attraction {unknown}
 o - a potion of invisibility {unknown}
Miscellaneous
 q - a piece from Xom's chessboard (15/15)


   Skills:
 + Level 5.1 Fighting
 + Level 5.1 Dodging
 * Level 7.0 Unarmed Combat
 + Level 4.9 Shapeshifting


You had 7 spell levels left.
You didn't know any spells.
Your spell library contained the following spells:

 Spells                   Type           Power      Damage    Failure   Level
 Iskenderun's Battlesphe  Conj           0%         2d6       100%        5
 Leda's Unmaking          Conj/Erth      0%         9d1       100%        6
 Spellforged Servitor     Conj/Summ      0%         N/A       100%        7


Dungeon Overview and Level Annotations

Branches:
Dungeon (7/15)             Temple (0/1) D:6

Altars:
Dithmenos
Hepliaklqana
Kikubaaqudgha
Nemelex Xobeh
Okawaru
Wu Jian
Xom
Yredelemnul

Annotations:
D:6 3 runed translucent doors, Dowan; Duvessa; Vorhees's ghost, novice DjAr


Innate Abilities, Weirdness & Mutations

You are a hulking beast.
Your limbs bulge with bestial killing power. (Slay +3)
You cannot wear most types of armour.
You are amphibious.
You can wear up to eight rings at the same time.
Your skin changes colour to match your surroundings (Stealth+).
Your rubbery body absorbs attacks. (AC +1, EV +1)
((You are camouflaged when in or above water. (Stealth+)))
You have tentacles for arms and can constrict up to eight enemies at once.


Message History

The orc barely misses you. Dowan casts a spell at you.
The puff of frost hits you. Duvessa hits you with a +0 rapier.
You tentacle-slap Duvessa.
Duvessa is lightly wounded.
You constrict Duvessa. The orc misses you.
Dowan gestures at Duvessa while chanting.
Duvessa seems to speed up.
Duvessa barely misses you.
You tentacle-slap Duvessa.
Duvessa is moderately wounded.
You constrict Duvessa, but do no damage.
Duvessa closely misses you.
You tentacle-slap Duvessa but do no damage.
Duvessa is moderately wounded.
You constrict Duvessa, but do no damage.
Dowan hits you with a +2 dagger of protection.
Duvessa closely misses you. The orc barely misses you.
You tentacle-slap Duvessa but do no damage.
Duvessa is moderately wounded.
You constrict Duvessa. Duvessa closely misses you.
Dowan hits you with a +2 dagger of protection.
You block the orc's attack. Duvessa hits you with a +0 rapier!
You tentacle-slap Duvessa but do no damage.
You squeeze Duvessa.
Duvessa is heavily wounded.
You constrict Duvessa.
Dowan hits you with a +2 dagger of protection.
Duvessa hits you with a +0 rapier!
* * * LOW HITPOINT WARNING * * *
The orc barely misses you.
It was a potion of might.
You feel very mighty all of a sudden.
You constrict Duvessa, but do no damage.
Duvessa barely misses you.
Dowan hits you with a +2 dagger of protection.
* * * LOW HITPOINT WARNING * * *
The orc hits you with a +0 short sword.
* * * LOW HITPOINT WARNING * * *
Duvessa hits you with a +0 rapier!
You die...

#.............# ###.
##.........[..# #####...
##...........# ##.....#.
#...........# #####..#####.
#...........#####.....## #.
#...............#....## ##
#............##.....## ######
#...........e...#.#)####.....
#..........ohe#.#.#.#........
###############....<#.##.....
###.#....#.####
###########.....#..#.####
#.............#.####.....
#......#####.......+...†.
#.....##$$.#########.....
#....##W....## #.....
#....#KK#.#.P# #.....


You could see Duvessa (fast), Dowan and an orc.

Vanquished Creatures
  Grinder (D:5)
  Sigmund (D:3)
  Eustachio (D:5)
  An ice beast (D:6)
  A centaur (D:6)
  3 phantoms
  A gnoll bouda (D:3)
  3 orc priests
  2 sleepcaps
  Jessica (D:3)
  3 iguanas (D:6)
  Ijyb (D:3)
  2 orc wizards
  3 gnolls
  Robin (D:3)
  8 adders
  4 ufetubi
  4 worms
  A dart slug (D:4)
  15 orcs
  6 bats
  3 endoplasms
  2 giant cockroaches
  16 goblins
  6 hobgoblins
  5 quokkas
  4 ball pythons
  4 frilled lizards
  8 kobolds
  4 rats
  2 butterflies (D:3)
117 creatures vanquished.

Notes
Turn   | Place    | Note
-------+----------+-------------------------------------------
     0 | D:1      | night the Octopode Shapeshifter began the quest for the
                  | Orb.
     0 | D:1      | Reached XP level 1. HP: 14/14 MP: 1/1
    87 | D:1      | Reached XP level 2. HP: 19/19 MP: 2/2
   541 | D:2      | Reached XP level 3. HP: 24/24 MP: 3/3
   701 | D:2      | Reached skill level 3 in Unarmed Combat
   868 | D:2      | Reached XP level 4. HP: 29/30 MP: 4/4
  1108 | D:3      | Found a shadowy altar of Dithmenos.
  1112 | D:3      | Became a worshipper of Dithmenos the Shadowed
  1147 | D:3      | Noticed Ijyb
  1158 | D:3      | Killed Ijyb
  1164 | D:3      | Reached XP level 5. HP: 25/36 MP: 5/5
  1171 | D:3      | Noticed Sigmund
  1187 | D:3      | Killed Sigmund
  1188 | D:3      | Reached skill level 4 in Unarmed Combat
  1188 | D:3      | Reached XP level 6. HP: 24/42 MP: 6/6
  1344 | D:3      | Found an ancient bone altar of Kikubaaqudgha.
  1639 | D:3      | Noticed Robin
  1645 | D:3      | Killed Robin
  1645 | D:3      | Reached * piety under Dithmenos
  1791 | D:3      | Found a shimmering altar of Xom.
  1823 | D:3      | Noticed Jessica
  1826 | D:3      | Found a faded altar of an unknown god.
  1827 | D:3      | Found a hazy altar of Hepliaklqana.
  1831 | D:3      | Killed Jessica
  2075 | D:3      | Found a sparkling altar of Nemelex Xobeh.
  2182 | D:4      | Reached XP level 7. HP: 29/47 MP: 7/7
  2350 | D:4      | HP: 6/47 [gnoll/+0 spear[a gnoll bouda] (6)]
  2617 | D:4      | Reached skill level 5 in Unarmed Combat
  2661 | D:4      | You fall into a shaft and drop 1 floor!
  2661 | D:5      | Entered Level 5 of the Dungeon
  2725 | D:5      | Found an ornate altar of the Wu Jian Council.
  3460 | D:5      | Reached ** piety under Dithmenos
  3574 | D:5      | Reached XP level 8. HP: 48/54 MP: 8/8
  3634 | D:5      | Noticed Eustachio
  3643 | D:5      | Killed Eustachio
  3644 | D:5      | Reached skill level 6 in Unarmed Combat
  3844 | D:5      | Noticed Grinder
  3854 | D:5      | Killed Grinder
  4079 | D:5      | Found an iron altar of Okawaru.
  4085 | D:5      | Found a basalt altar of Yredelemnul.
  4309 | D:6      | Found a runed translucent gate.
  4309 | D:6      | Found a runed translucent gate.
  4309 | D:6      | Found a runed translucent gate.
  4310 | D:6      | Noticed Vorhees's ghost (novice DjAr)
  4345 | D:6      | Found the +3 pair of mountain boots {steadfast, rC+}
  4360 | D:6      | Found a staircase to the Ecumenical Temple.
  4480 | D:6      | Reached skill level 5 in Fighting
  4533 | D:6      | Reached skill level 5 in Dodging
  4692 | D:6      | Reached skill level 7 in Unarmed Combat
  4860 | D:7      | Noticed Duvessa
  4860 | D:7      | Noticed Dowan
  4873 | D:6      | HP: 7/55 [Duvessa/+0 rapier (14)]
  4874 | D:6      | HP: 2/55 [orc/+0 short sword (2)]
  4874 | D:6      | Mangled by Duvessa

Illustrated notes

Levels and vault maps discovered:
D:1:      amcnicky_arrival_feature_with_door, layout_basic, nicolae_the_louvre
D:2:      layout_rooms
D:3:      cheibrodos_pilgrimage, layout_loops_ring,
          grunt_dithmenos_smoke_and_mirrors,
          beargit_hepliaklqana_dungeon_heroes, nicolae_overflow_crystal_walls,
          nemelex_dance_club_becter, xom_butterflies, serial_bayou_pond_e,
          serial_bayou_ford_a, uniq_sigmund, uniq_robin, uniq_ijyb
D:4:      layout_loops_ring, minmay_bisected
D:5:      layout_loops_ring, amethyst_overflow_temple_binary,
          lemuel_crystal_altar, uniq_grinder, uniq_eustachio
D:6:      layout_basic, minmay_temple_entry_trees,
          gammafunk_ghost_nasty_kobolds, minmay_misc_feat_enclosed
D:7:      layout_cave_pools, lemuel_doored_altar, nicolae_uskayaw_dance_hall,
          kennysheep_generic_room_5, uniq_duvessa

Skill      XL: |  1  2  3  4  5  6  7  8 |
---------------+-------------------------+-----
Unarmed Combat | 3 4 5 7 |  7.0
Fighting       | 3 4 5 |  5.1
Dodging        | 3 4 5 |  5.1
Shapeshifting  | 4 |  4.9

Action                     |  1- 3 |  4- 6 |  7- 9 || total
---------------------------+-------+-------+-------++-------
  Melee: Unarmed           |    69 |    84 |   134 ||   287
         Constrict         |    19 |    17 |    28 ||    64
         Tentacles         |    17 |    16 |    40 ||    73
         Punch             |       |     5 |     5 ||    10
    Use: Scroll            |       |       |     6 ||     6
         Potion            |       |       |     1 ||     1
   Stab: Sleeping          |     4 |     4 |    10 ||    18
         Distracted        |       |     1 |     1 ||     2
 Armour: Skin              |     6 |     5 |     7 ||    18
  Dodge: Dodged            |    31 |    28 |   111 ||   170
  Block: Buckler           |       |     6 |    25 ||    31

Table legend: (Time is in decaauts)
 A = Elapsed time spent in this place.
 B = Non-inter-level travel time spent in this place.
 C = Inter-level travel time spent in this place.
 D = Time resting spent in this place.
 E = Time spent auto-exploring this place.
 F = Levels seen in this place.
 G = Mean time per level.
                   A        B        C        D        E       F      G
               +--------+--------+--------+--------+--------+-----+--------+
         Total |   4861 |   4714 |    147 |    645 |   3270 |   7 |  694.4 |
       Dungeon |   4861 |   4714 |    147 |    645 |   3270 |   7 |  694.4 |
               +--------+--------+--------+--------+--------+-----+--------+

Top non-repeatable levels by time:
     D:3: 1382 daAuts
     D:4: 915 daAuts
     D:5: 836 daAuts
     D:6: 665 daAuts
     D:1: 533 daAuts
     D:2: 521 daAuts
     D:7: 5 daAuts
